 Dungeon Crawl Stone Soup version 0.20.0-6-gd3061e9 (webtiles) character file.

1649 greprep the Protected (level 8, -8/68 HPs)
             Began as a Minotaur Fighter on May 28, 2017.
             Killed by divine providence
             ... invoked by an orc priest
              (15 damage)
             ... on level 6 of the Dungeon.
             The game lasted 00:07:08 (4732 turns).

greprep the Protected (Minotaur Fighter)            Turns: 4732, Time: 00:07:09

Health: -8/68      AC: 10    Str: 28    XL:     8   Next: 67%
Magic:  7/7        EV: 10    Int:  5    God:
Gold:   278        SH: 11    Dex: 12    Spells: 7/7 levels left

rFire    . . .     SeeInvis .   y - +0 dagger of the Pure Blessings {drain, Str+4 Dex+3}
rCold    + + .     Gourm    .   c - +0 shield
rNeg     + . .     Faith    .   C - +1 scale mail {rC+}
rPois    .         Spirit   .   (helmet restricted)
rElec    .         Reflect  .   (no cloak)
rCorr    .         Harm     .   (no gloves)
MR       .....                  A - +0 pair of boots
Stlth    ..........             (no amulet)
Regen    0.3/turn               k - ring of positive energy
MPRegen  0.1/turn               n - ring of protection from cold

@: no status effects
A: retaliatory headbutt, horns 2
a: no special abilities


You were on level 6 of the Dungeon.
You were not hungry.

You visited 1 branch of the dungeon, and saw 6 of its levels.

You collected 278 gold pieces.

Inventory:

Hand Weapons
 a - a +0 long sword
 y - the +0 dagger of the Pure Blessings (weapon) {drain, Str+4 Dex+3}
   (You found it on level 4 of the Dungeon)

   A truly terrible weapon, it drains the life of those it strikes.
   It affects your strength (+4).
   It affects your dexterity (+3).
Armour
 c - a +0 shield (worn)
 A - a +0 pair of boots (worn)
 C - a +1 scale mail of cold resistance (worn)
Jewellery
 k - a ring of positive energy (left hand)
 n - a ring of protection from cold (right hand)
 D - a +4 ring of dexterity {unknown}
 F - an uncursed ring of protection from fire {unknown}
Wands
 l - a wand of paralysis (9/24)
 u - a wand of lightning (9/15)
 x - a wand of flame (12/48)
Scrolls
 b - a scroll of random uselessness {unknown}
 e - 3 scrolls of enchant weapon {unknown}
 g - 5 scrolls of remove curse
 i - a scroll of teleportation {unknown}
 j - 5 scrolls of identify {unknown}
 p - a scroll of blinking {unknown}
 q - 3 scrolls of immolation {unknown}
 r - 2 scrolls of enchant armour {unknown}
 v - a scroll of noise {unknown}
 E - a scroll of amnesia {unknown}
Potions
 d - 2 potions of might
 h - 5 potions of mutation {unknown}
 m - a potion of berserk rage {unknown}
 o - a potion of curing {unknown}
 s - a potion of brilliance {unknown}
 w - 2 potions of ambrosia {unknown}
 z - a potion of flight {unknown}
Comestibles
 f - 2 bread rations
 t - 2 meat rations
 B - 2 royal jellies


   Skills:
 + Level 5.0 Fighting
 * Level 4.0(5.1) Short Blades
 - Level 5.3(6.1) Long Blades
 * Level 8.5 Armour
 * Level 3.3 Dodging
 - Level 0.5 Stealth
 * Level 7.3 Shields


You had 7 spell levels left.
You didn't know any spells.

Dungeon Overview and Level Annotations

Branches:
Dungeon (6/15)
 Temple: D:4-7

Altars:
Kikubaaqudgha
Yredelemnul
The Shining One

Shops:
D:5 %


Innate Abilities, Weirdness & Mutations

You reflexively headbutt those who attack you in melee.
You have a pair of horns on your head.


Message History

You kill the orc!
You closely miss the orc priest. You headbutt the orc priest!
The orc priest is almost dead.
You closely miss the orc priest.
The orc priest is almost dead.
The orc priest calls down the wrath of Beogh upon you.
Beogh smites you!
* * * LOW HITPOINT WARNING * * *
You hear a shout!
You closely miss the orc priest. You headbutt the orc priest.
You kill the orc priest!
The orc priest begins to cast a cantrip, but forgets the words!
A kobold comes into view.
The kobold shouts!
The orc priest hits you but does no damage.
The gnoll hits you but does no damage.
Items here: ))) [[ ††† The orc priest invokes the aid of Beogh against you.
Beogh smites you!
You die...

.#(.... ......
..... . .(.# #.#
..# ..####.# .
...#.#
Oo..##.#)########
....Z..go@.......
....K..#...###.##
..?.####.#.###
... #.#<..# .
#######


You could see an orc priest, a gnoll, a kobold and a centaur skeleton.

Vanquished Creatures
  Prince Ribbit (D:5)
  Sigmund (D:3)
  An orc warrior (D:6)
  A sky beast (D:5)
  An ice beast (D:5)
  3 ogres (D:4)
  A phantom (D:5)
  Blork the orc (D:4)
  2 scorpions (D:5)
  2 howler monkeys (D:4)
  3 hounds
  2 orc priests
  Jessica (D:2)
  Ijyb (D:3)
  An orc wizard (D:4)
  Terence (D:3)
  6 adders
  2 gnolls (D:6)
  2 oozes
  An adder skeleton (D:4)
  4 worms
  3 dart slugs
  4 leopard geckos
  13 orcs
  A bat (D:3)
  7 goblins
  5 hobgoblins
  8 jackals
  2 quokkas
  2 ball pythons (D:4)
  6 frilled lizards
  A kobold (D:2)
  A quokka skeleton (D:4)
  8 rats
99 creatures vanquished.

Notes
Turn   | Place    | Note
-------+----------+-------------------------------------------
     0 | D:1      | greprep the Minotaur Fighter began the quest for the Orb.
     0 | D:1      | Reached XP level 1. HP: 19/19 MP: 0/0
   107 | D:1      | Reached skill level 4 in Armour
   149 | D:1      | Reached XP level 2. HP: 27/27 MP: 1/1
   538 | D:2      | Noticed Jessica
   558 | D:2      | Killed Jessica
   558 | D:2      | Reached XP level 3. HP: 30/33 MP: 2/2
  1026 | D:2      | Reached XP level 4. HP: 40/40 MP: 3/3
  1226 | D:2      | Reached skill level 5 in Armour
  1424 | D:3      | Noticed Terence
  1431 | D:3      | Killed Terence
  1549 | D:3      | Found an ancient bone altar of Kikubaaqudgha.
  1696 | D:3      | Noticed Sigmund
  1708 | D:3      | Killed Sigmund
  1708 | D:3      | Reached skill level 1 in Dodging
  1708 | D:3      | Reached XP level 5. HP: 21/46 MP: 4/4
  1708 | D:3      | Reached XP level 6. HP: 24/52 MP: 5/5
  1710 | D:3      | Noticed Ijyb
  1873 | D:3      | Paralysed by Ijyb for 4 turns
  1883 | D:3      | Killed Ijyb
  2318 | D:4      | Reached skill level 6 in Armour
  2334 | D:4      | Reached skill level 5 in Long Blades
  2506 | D:4      | Got a smoking dagger
  2507 | D:4      | Identified the cursed +0 dagger of the Pure Blessings {drain, Str+4 Dex+3} (You found it on level 4 of the Dungeon)
  2585 | D:4      | Reached skill level 5 in Shields
  2585 | D:4      | Reached XP level 7. HP: 42/60 MP: 6/6
  2657 | D:4      | Reached skill level 1 in Short Blades
  2896 | D:4      | Found a transporter.
  2897 | D:4      | Found a basalt altar of Yredelemnul.
  2897 | D:4      | Found a transporter.
  3389 | D:4      | Noticed Blork the orc
  3398 | D:4      | Killed Blork the orc
  3398 | D:4      | Reached skill level 7 in Armour
  3620 | D:4      | Found a glowing golden altar of the Shining One.
  3747 | D:5      | Entered Level 5 of the Dungeon
  3974 | D:5      | Reached XP level 8. HP: 65/67 MP: 7/7
  4111 | D:5      | Found Vujytaar's Food Boutique.
  4197 | D:5      | Noticed Prince Ribbit
  4215 | D:5      | Killed Prince Ribbit
  4652 | D:5      | Reached skill level 8 in Armour
  4701 | D:6      | Noticed a two-headed ogre
  4724 | D:6      | Reached skill level 5 in Fighting
  4732 | D:6      | Killed from afar by an orc priest

Skill      XL: |  1  2  3  4  5  6  7  8 |
---------------+-------------------------+-----
Armour         | 4 5 6 7 8 |  8.5
Long Blades    | 3 4 5 |  5.3
Fighting       | 4 5 |  5.0
Dodging        | 1 2 3 |  3.3
Shields        | 4 5 6 7 |  7.3
Short Blades   | 2 4 |  4.0
Stealth        | |  0.5

Action                   |  1- 3 |  4- 6 |  7- 9 || total
-------------------------+-------+-------+-------++-------
Melee: Long sword        |    67 |    72 |       ||   139
       Headbutt          |     6 |    15 |    52 ||    73
       Dagger            |       |    15 |   195 ||   210
  Use: Potion            |       |     1 |       ||     1
       Scroll            |       |       |     1 ||     1
  Eat: Chunk             |       |     2 |     2 ||     4
       Royal jelly       |       |     1 |       ||     1
       Bread ration      |       |     1 |     1 ||     2
Armor: Scale mail        |    28 |    25 |    46 ||    99
Dodge: Dodged            |    16 |    24 |    59 ||    99
Block: Shield            |    23 |    30 |    67 ||   120
       Rpst.: Long sword |     4 |     5 |       ||     9
